Croesus, chaotic female orcish Barbarian --------------------------------- ----------- |.-..|..|..-....-..|..|.(|..-...| |.........| |.|..|..|..|....|..|..|..|..|...| |<.........#######|.----|-----....----|--|-----...| -|--------- #................................|`################### ###### ###|.-|-----|--.....[.--+---|---...|# ----------|- # # #|.|..|..|..|......{|....|...|...|# |..........| ### ### #|.|..|..|..|.......|....|%!%|...|# ##...........| # # #|.----|-----.......|.._.|.%%|...|# # |..........| ### # #|.f...........{....|[...|%%.|...|# ### |..........| # # #|.-------|-------.----------|...|# # |..........| # ## # #|.-.@o[|...|(((.).(....|(((.-....###### |..........| -|----.-# #|.|%.."|...|(((.|.|....|(((.|...|# ------------ |......|# #|.|..??|...|.((.|.|....|(...|...|# |......|# #|.---------------.-----------...|` |..>....# #|.........................%.....| -------- #--------------------------------- ##################################` Croesus the Bandit Experience level: 8 Strength: 25 Dexterity: 16 Constitution: 18 Intelligence: 8 Wisdom: 8 Charisma: 7 Health: 0(80) Energy: 10(10) Def: 11 Gold: 0 Moves: 8177 Dungeon seed: aTG9OzjuRmaodjRb Game ID: Croesus_1556819792 Your Inventory: Weapons a - a blessed +0 two-handed sword (weapon in hands) z - a blessed +0 elven bow (alternate weapon; not wielded) A - 5 uncursed +0 arrows E - 3 cursed poisoned +0 orcish arrows H - 3 uncursed +0 thirsty darts L - an uncursed +0 elven dagger (in quiver) V - a blessed +0 arrow Armor g - an uncursed +0 pair of gauntlets of power (being worn) l - an uncursed +0 elven mithril-coat (being worn) o - a blessed +1 pair of iron shoes of clairvoyance (being worn) r - an uncursed +0 dwarvish cloak (being worn) y - a blessed +1 elven leather helm (being worn) Comestibles d - 2 uncursed mangos h - 2 uncursed cream pies j - an uncursed lichen corpse Scrolls p - an uncursed scroll of enchant armor x - an uncursed scroll of taming B - 3 uncursed scrolls of confuse monster D - an uncursed scroll of teleportation Rings c - an uncursed ring of slow digestion (on left hand) q - an uncursed ring of conflict O - an uncursed ring of cold immunity Wands f - an uncursed wand of digging (0:7) m - an uncursed wand of magic missile (0:2) s - an uncursed wand of cancellation (0:1) u - an uncursed wand of digging (0:5) R - an uncursed wand of sleep (0:7) S - an uncursed wand of light (0:13) W - an uncursed wand of opening (0:3) Tools k - an uncursed skeleton key w - an uncursed tin whistle I - an uncursed credit card J - 7 uncursed tallow candles (0:200) Q - a blessed magic lamp (lit) T - an uncursed towel Gems b - 2 uncursed worthless pieces of yellowish brown glass e - 2 uncursed agate stones i - an uncursed worthless piece of red glass n - 2 uncursed worthless pieces of green glass v - an uncursed worthless piece of black glass F - an uncursed luckstone K - 9 uncursed rocks N - 2 uncursed worthless pieces of white glass P - an uncursed amethyst stone U - an uncursed flint stone Y - an uncursed opal Spells and supernatural/magical abilities: Name Level Category Cost Memory h - healing 1 healing 1000pw 97% j - jumping 1 escape 1000pw 97% W - pray for help -- divine ? -- Your skills at the end: Fighting Skills bare handed combat [Basic] Weapon Skills axe [Basic] two-handed sword [Expert] bow [Basic] Spellcasting Skills Final Attributes: You had transgressed. You were immune to poison. You were telepathic. You were clairvoyant. You had infravision. You had slower digestion. You were fast. You were lucky. You had extra luck. Bad luck did not time out for you. Good luck did not time out for you. You last prayed 1422 turns ago. Set was pleased with you. You are dead. Vanquished creatures: a golden naga a giant mimic an Elvenking a large mimic 2 wargs 2 small mimics a steam vortex a flaming sphere a shocking sphere a cockatrice 2 winter wolf cubs 2 lynxes a spotted jelly a leprechaun an iron piercer a giant spider a gnome king a Green-elf a housecat 2 jaguars a gnome mummy 2 human zombies 2 Woodland-elves 3 soldier ants 2 fire ants a wood nymph a mountain nymph 4 Mordor orcs 4 Uruk-hai 2 orc shamans a pony 3 shriekers 11 gnome lords 5 gnomish wizards a guardian naga hatchling a gray ooze a ghoul 7 giant ants 2 little dogs 4 floating eyes a kitten 16 dwarves 10 hill orcs a rothe 2 centipedes a giant bat a monkey an orc zombie a dwarf zombie an iguana 8 killer bees an acid blob 4 coyotes 5 hobbits 2 hobgoblins 5 giant rats 5 cave spiders a brown mold a yellow mold a red mold 42 gnomes 3 garter snakes 9 geckos 2 foxes a kobold 5 goblins a sewer rat 3 grid bugs a bat 8 lichens 3 kobold zombies 6 newts 235 creatures vanquished. Voluntary challenges: You used a wielded weapon 240 times, starting on turn 192. You read items or engraved 35 times, starting on turn 1376. You never genocided any monsters. You never polymorphed an object. You never changed form. You used no wishes. You never split a pudding. You wrote Elbereth's name 1 time, starting on turn 6873. You violated your moral code, losing 124 points of alignment, starting on turn 5675. Dungeon overview: The Dungeons of Doom: levels 1 to 7 Level 1 a vault a long staircase Level 2 a general store Level 3 a fountain, a vault Level 4 an altar to Crom stairs to The Gnomish Mines Level 5 a fountain, a vault Level 6 a potion shop Level 7 The Gnomish Mines: levels 5 to 12 Level 5 stairs to The Dungeons of Doom Level 6 Level 7 Level 8 <- You were here many shops, a temple to Set, some fountains Level 9 Level 10 Level 11 Level 12 many altars to Moloch, some fountains History has recorded: On T:1 you entered the Dungeons of Doom to retrieve the Amulet of Yendor! On T:287 you reached level 2 of The Dungeons of Doom. On T:434 you reached level 3 of The Dungeons of Doom. On T:764 you advanced to experience level 2. On T:1051 you reached level 4 of The Dungeons of Doom. On T:1091 you advanced to experience level 3. On T:1147 you reached level 5 of The Dungeons of Doom. On T:1950 you advanced to experience level 4. On T:2134 you reached level 6 of The Dungeons of Doom. On T:2426 you reached level 7 of The Dungeons of Doom. On T:2720 you advanced to experience level 5. On T:3222 you reached level 1 of The Gnomish Mines. On T:3326 you advanced to experience level 6. On T:3372 you reached level 2 of The Gnomish Mines. On T:3737 you reached level 3 of The Gnomish Mines. On T:4622 you advanced to experience level 7. On T:4793 you reached level 4 of The Gnomish Mines. On T:4836 you reached level 5 of The Gnomish Mines. On T:5323 you advanced to experience level 8. On T:6208 you reached level 6 of The Gnomish Mines. On T:6259 you reached level 7 of The Gnomish Mines. On T:6826 you reached level 8 of The Gnomish Mines. Score breakdown: Gold: 0 ( 0 points) Experience: 8 levels (14739 points) Exploration: 12 levels ( 24.49%) (14361 points) Discoveries: 31 items ( 12.35%) (10543 points) Valuables value: (no points given unless you survive) Artifact value: 0 ( 0 points) Variety of kills: 72 monsters ( 18.95%) (13058 points) Turncount: 8177 turns (-2081 points) Survival: died (score multiplied by 80%) Total score: 40496 Latest messages: You see here an elven mithril-coat (360 zorkmids). You sense magical energies being absorbed from Lucrezia's vicinity. Your conscience bothers you... Lucrezia gets angry! You cancel it, you pay for it! Lucrezia zaps a wand of magic missile! The magic missile whizzes by you! The magic missile bounces! The magic missile hits you! The magic missile whizzes by Lucrezia! Lucrezia is caught in the magical blast! The housecat is caught in the magical blast! The housecat is killed! You see here a food ration (90 zorkmids). Lucrezia zaps a wand of magic missile! The magic missile hits you! The magic missile bounces! The magic missile hits you! Lucrezia is caught in the magical blast! You are caught in the magical blast! Lucrezia takes all your possessions. For some reason, you think that you can almost hear the Wizard laugh manically... Final status: Goodbye Croesus the Barbarian, killed by a Ms. Lucrezia, the shopkeeper's magical blast... You died in The Gnomish Mines on dungeon level 8 with 40496 points, and 0 pieces of gold, after 8177 moves. You were level 8 with a maximum of 80 hit points when you died.